 Dungeon Crawl Stone Soup version 0.26-a0-835-g8259106e14 (webtiles) character file.

Game seed: 1863299595744413078

86345 jiml777 the Eclecticist (level 15, -8/66 HPs)
             Began as a Deep Elf Air Elementalist on Nov 17, 2020.
             Was a High Priest of Sif Muna.
             Killed from afar by a hell hound (12 damage)
             ... with a blast of flame
             ... led by Azrael
             ... on level 13 of the Dungeon on Nov 18, 2020.
             The game lasted 04:05:28 (32950 turns).

jiml777 the Eclecticist (DEAE)                     Turns: 32950, Time: 04:05:28

Health: -8/66      AC: 10    Str:  5    XL:     15   Next: 40%
Magic:  1/48       EV: 13    Int: 27    God:    Sif Muna [*****.]
Gold:   476        SH: 12    Dex: 15    Spells: 2/51 levels left

rFire    + . .     SeeInvis .   a - staff of poison
rCold    + . .     Faith    .   P - +3 buckler
rNeg     . . .     Spirit   .   F - +2 robe {Archmagi}
rPois    +         Reflect  .   B - +2 hat
rElec    .         Harm     .   y - scarf {rC+ rF+}
rCorr    .         Rampage  .   (no gloves)
MR       +....                  l - +2 pair of boots
Stlth    ++........             Q - amulet of magic regeneration
HPRegen  0.21/turn              R - ring of wizardry
MPRegen  0.56/turn              G - ring of magical power

@: swift, quick
A: large bone plates 1, frail 1, shaggy fur 1
a: Channel Magic, Forget Spell, Divine Exegesis, Renounce Religion


You were on level 13 of the Dungeon.
You worshipped Sif Muna.
Sif Muna was extremely pleased with you.
You visited 3 branches of the dungeon, and saw 21 of its levels.
You also visited: Bailey.

You collected 2869 gold pieces.
You spent 2393 gold pieces at shops.

Inventory:

Hand Weapons
 e - a +0 dagger of freezing
 i - a +9 whip of electrocution
Missiles
 g - 260 arrows
 o - 78 poisoned darts (quivered)
Armour
 l - a +2 pair of boots (worn)
 y - a scarf of resistance (worn)
 B - a +2 hat (worn)
 F - a +2 robe of the Archmagi (worn)
 P - a +3 buckler (worn)
Magical Staves
 a - an uncursed staff of poison (weapon)
Jewellery
 k - a +4 ring of protection
 s - an uncursed ring of see invisible
 E - an uncursed ring of resist corrosion
 G - a ring of magical power (right hand)
 K - an uncursed ring of protection from cold
 Q - an amulet of magic regeneration (around neck)
 R - a ring of wizardry (left hand)
 T - an uncursed amulet of guardian spirit {unknown}
Wands
 d - a wand of iceblast (17)
 v - a wand of random effects (42)
 x - a wand of disintegration (24)
 C - a wand of polymorph (2)
 S - a wand of paralysis (5)
Scrolls
 b - 3 scrolls of teleportation
 c - 4 scrolls of magic mapping
 h - a scroll of brand weapon
 m - 14 scrolls of identify
 p - 8 scrolls of remove curse
 q - a scroll of holy word
 r - 4 scrolls of amnesia
 A - 2 scrolls of fear
 H - a scroll of enchant armour
 L - a scroll of blinking
 M - a scroll of fog
Potions
 f - 13 potions of curing
 t - 2 potions of cancellation
 u - 4 potions of brilliance
 w - 4 potions of might
 z - a potion of haste
 D - a potion of flight
 I - 2 potions of resistance
Miscellaneous
 j - a phial of floods
 n - a phantom mirror
 J - a lightning rod (4/4)
 N - a phantom mirror
 O - a tin of tremorstones (2/2)


   Skills:
 - Level 1.1 Fighting
 - Level 0.6 Maces & Flails
 - Level 3.5 Dodging
 - Level 3.0 Stealth
 - Level 3.0 Shields
 - Level 18.7 Spellcasting
 - Level 11.5 Conjurations
 * Level 3.4 Hexes
 * Level 2.7 Transmutations
 * Level 2.3 Fire Magic
 - Level 14.2 Air Magic
 * Level 2.4 Poison Magic
 - Level 10.3 Invocations
 - Level 10.5 Evocations


You had 2 spell levels left.
You knew the following spells:

 Your Spells              Type           Power        Failure   Level
a - Shock                 Conj/Air       ####         0%          1
b - Swiftness             Air            ########     0%          2
c - Static Discharge      Conj/Air       #######.     1%          3
d - Airstrike             Air            ########..   1%          4
e - Lightning Bolt        Conj/Air       #######...   1%          5
f - Chain Lightning       Conj/Air       #######...   26%         8
g - Orb of Destruction    Conj           #######...   6%          7
h - Yara's Violent Unrav  Hex/Tmut       ######....   6%          5
i - Mephitic Cloud        Conj/Pois/Air  ########     1%          3
j - Ignite Poison         Fire/Tmut/Pois ######..     1%          3
k - Cause Fear            Hex            ######....   1%          4
l - Petrify               Tmut/Erth      #####...     4%          4

Your spell library contained the following spells:

 Spells                   Type           Power        Failure   Level
 Sting                    Tmut/Pois      ####         1%          1
 Poisonous Vapours        Pois/Air       ######       1%          2
 Confusing Touch          Hex            ######..     1%          3
 Conjure Flame            Conj/Fire      #######.     1%          3
 Hailstorm                Conj/Ice       ######..     1%          4
 Iskenderun's Mystic Bla  Conj/Tloc      ######..     1%          4
 Irradiate                Conj/Tmut      #######...   1%          5
 Silence                  Hex/Air        #######...   1%          5
 Gell's Gravitas          Tloc           #####.....   2%          3
 Olgreb's Toxic Radiance  Pois           ######..     2%          4
 Metabolic Englaciation   Hex/Ice        ######....   11%         5
 Lehudib's Crystal Spear  Conj/Erth      ######....   99%         8
 Discord                  Hex            ######....   100%        8


Dungeon Overview and Level Annotations

Branches:
Dungeon (13/15)            Temple (0/1) D:5            Lair (6/6) D:9
 Shoals (0/4) Lair:2        Snake (0/4) Lair:4        Slime (0/5) Lair:6
    Orc (2/2) D:10            Elf (0/3) Orc:2        Bailey (visited)
 Vaults: D:13-14

Altars:
Ashenzari
Cheibriados
Kikubaaqudgha
Nemelex Xobeh
Ru
Sif Muna
Uskayaw
Wu Jian
Yredelemnul

Shops:
D:7 (   D:12 :   Orc:1 }   Orc:2 !}(=

Annotations:
D:12 Snorg
D:13 Azrael


Innate Abilities, Weirdness & Mutations

You are partially covered in large bone plates. (SH +4)
You are frail. (-10% HP)
You are covered in fur. (AC +1)


Message History

You feel a surge of power!
You feel quick. Azrael gestures at you.
The sphere of damnation explodes!
The damnation engulfs you!!
Ouch! That really hurt!
* * * LOW HITPOINT WARNING * * *
The damnation engulfs Azrael.
Azrael completely resists.
Something shouts, "Get thee gone, thou surly ruttish fustilarian!"
You hear a shout!
Casting: Swiftness (safe; 0% risk of failure)
Confirm with . or Enter, or press ? or * to list all spells.
Aiming: Airstrike (safe; 1% risk of failure)
Press: ? - help, Dir - move target cursor, f/p - Azrael
Aim: Azrael, wielding a +0 scimitar of flaming (heavily wounded)
You feel a surge of power!
The air twists around and violently strikes Azrael!!
Azrael is severely wounded.
The hell hound breathes flames at you.
The blast of flame hits the fire elemental.
The fire elemental completely resists.
The blast of flame hits you! You resist.
You die...

#..####..# #..# #..#
#..# #..# #..# #..#
#..# #..# #..# #..#
#..# #..# #..# #..#
#..# #..# #..# #c.#
#..####..####..# #°.#
#..........@...# #.○#
#.<........R...# #°.#
........####..h○....#
#..# ........#
#..E##...# #..#
........#
#.○h##...####).#
.##.##..#
#..F##......((.# ...
...# #○..##...#####.#
.## ##..# #...##...#
... ##.# #°..##...#
.###


You could see Azrael, a fire elemental, 2 hell hounds and a bullfrog.

Vanquished Creatures
  Rupert (D:12)
  Josephine (D:12)
  2 ogre magi (Orc:2)
  The ghost of Jeigh the Thaumaturge, a journeyman DrTm of Vehumet (D:12)
  7 hydras
  A boulder beetle (D:13)
  A centaur warrior (D:13)
  3 catoblepae
  The ghost of SolusNox the Cleaver, a novice MiBe of Trog (D:8)
  9 death yaks (Lair:6)
  11 two-headed ogres
  A death knight (D:11)
  A queen ant (D:9)
  Urug (D:12)
  2 deep trolls (Orc:2)
  2 phantasmal warriors (D:11)
  A lindwurm (Lair:2)
  2 orc sorcerers (Orc:2)
  2 orc knights
  2 ugly things
  2 oklob plants (Lair:3)
  3 cyclopes
  10 elephants
  A centaur zombie (D:11)
  6 black mambas
  20 cane toads
  A torpor snail (Lair:3)
  3 rime drakes
  2 freezing wraiths (D:11)
  10 komodo dragons
  2 polar bears
  A hornet (D:9)
  10 trolls
  A snapping turtle (Lair:2)
  5 tyrant leeches (Lair:6)
  Grinder (D:4)
  42 blink frogs
  3 spriggans (Lair:2)
  A vampire (D:9)
  Eustachio (D:6)
  7 basilisks
  9 wyverns
  40 yaks
  5 wraiths
  6 vampire mosquitoes (Lair:6)
  3 nagas (Lair:4)
  A warg (Orc:1)
  7 soldier ants (D:9)
  18 water moccasins
  2 hell hounds (D:13)
  3 phantoms
  4 sky beasts
  2 black bears (Lair:1)
  19 orc warriors
  3 ice beasts
  22 ogres
  An eye of draining (D:12)
  2 centaurs
  7 wolves
  A necrophage (D:9)
  A big kobold (D:12)
  24 bullfrogs
  A gnoll sergeant (D:8)
  A wyvern zombie (D:10)
  A wyvern skeleton (D:12)
  5 scorpions
  2 howler monkeys (D:7)
  3 electric eels
  3 bullfrog zombies
  7 hounds
  8 jellies
  21 orc wizards
  14 orc priests
  2 bullfrog skeletons
  2 centaur skeletons
  2 iguanas
  Jessica (D:3)
  28 worker ants
  7 hell rats (Lair:6)
  A killer bee zombie (D:5)
  A hound zombie (D:10)
  A hound skeleton (D:6)
  15 gnolls
  A howler monkey skeleton (D:11)
  11 adders
  A shadow imp (D:8)
  A white imp (D:7)
  An ufetubus (D:6)
  7 oozes
  An adder skeleton (D:4)
  A worm (D:5)
  11 leopard geckos
  54 orcs
  7 giant cockroaches
  9 goblins
  8 hobgoblins
  13 jackals
  29 kobolds
  2 quokkas
  5 ball pythons
  11 bats
  4 frilled lizards
  11 rats
678 creatures vanquished.

Vanquished Creatures (others)
  A cane toad (Lair:6)
  A polar bear (Lair:6)
  2 blink frogs (Lair:6)
  50 fungi
  126 plants
180 creatures vanquished.

Grand Total: 858 creatures vanquished

Notes
Turn   | Place    | Note
-------+----------+-------------------------------------------
     0 | D:1      | jiml777 the Deep Elf Air Elementalist began the quest for
                  | the Orb.
     0 | D:1      | Reached XP level 1. HP: 10/10 MP: 6/6
   389 | D:1      | Reached XP level 2. HP: 15/15 MP: 5/8
  1331 | D:2      | Reached XP level 3. HP: 19/19 MP: 6/10
  1482 | D:2      | Reached skill level 4 in Spellcasting
  1891 | D:2      | Reached XP level 4. HP: 22/24 MP: 8/12
  2757 | D:3      | Learned a level 2 spell: Swiftness
  2761 | D:3      | Learned a level 3 spell: Static Discharge
  2766 | D:3      | Learned a level 4 spell: Airstrike
  3053 | D:3      | Reached XP level 5. HP: 28/28 MP: 9/13
  3667 | D:3      | Noticed Jessica
  3673 | D:3      | Killed Jessica
  3800 | D:3      | Reached skill level 5 in Spellcasting
  3805 | D:3      | Reached XP level 6. HP: 29/32 MP: 2/15
  3969 | D:3      | Found a shimmering blue altar of Sif Muna.
  3977 | D:3      | Became a worshipper of Sif Muna the Loreminder
  4313 | D:4      | Reached skill level 6 in Spellcasting
  4313 | D:4      | Reached skill level 5 in Air Magic
  4453 | D:4      | Learned a level 5 spell: Lightning Bolt
  4550 | D:4      | Reached XP level 7. HP: 26/36 MP: 4/18
  4681 | D:4      | Noticed Grinder
  4685 | D:4      | Killed Grinder
  4686 | D:4      | Reached skill level 7 in Spellcasting
  5218 | D:4      | Reached XP level 8. HP: 41/41 MP: 8/21
  5391 | D:4      | Reached skill level 8 in Spellcasting
  5592 | D:4      | Found a hide-covered altar of Uskayaw.
  5873 | D:5      | Entered Level 5 of the Dungeon
  5876 | D:5      | Found a staircase to the Ecumenical Temple.
  6874 | D:6      | Reached skill level 9 in Spellcasting
  7418 | D:6      | Reached * piety under Sif Muna
  7505 | D:6      | You fall into a shaft and drop 3 floors!
  7543 | D:9      | Noticed a troll
  7547 | D:9      | Killed a troll
  7801 | D:7      | Reached skill level 10 in Spellcasting
  7840 | D:7      | Found a sparkling altar of Nemelex Xobeh.
  8150 | D:6      | Noticed Eustachio
  8153 | D:6      | Killed Eustachio
  8154 | D:6      | Reached XP level 9. HP: 46/46 MP: 9/25
  8710 | D:7      | Reached skill level 1 in Invocations
  8710 | D:7      | Reached skill level 1 in Evocations
  8973 | D:7      | Found Ceboquam's Weapon Shoppe.
  9278 | D:8      | Found a runed translucent gate.
  9278 | D:8      | Found a runed translucent gate.
  9278 | D:8      | Found a runed translucent gate.
  9278 | D:8      | Noticed SolusNox's ghost (novice MiBe)
  9355 | D:8      | Killed SolusNox's ghost
  9356 | D:8      | Reached skill level 11 in Spellcasting
  9356 | D:8      | Reached skill level 5 in Conjurations
 10618 | D:9      | Found a sacrificial altar of Ru.
 10618 | D:9      | Found a snail-covered altar of Cheibriados.
 10618 | D:9      | Found a broken altar of Ashenzari.
 10618 | D:9      | Found an ornate altar of the Wu Jian Council.
 10759 | D:9      | Found an ancient bone altar of Kikubaaqudgha.
 10763 | D:9      | Found a basalt altar of Yredelemnul.
 10873 | D:9      | Reached ** piety under Sif Muna
 10874 | D:9      | Reached XP level 10. HP: 51/51 MP: 10/27
 11069 | D:9      | Reached skill level 12 in Spellcasting
 11219 | D:9      | Found a staircase to the Lair.
 11314 | D:9      | Noticed a two-headed ogre
 11354 | D:9      | Killed a two-headed ogre
 11772 | D:9      | Noticed a queen ant
 11778 | D:9      | Killed a queen ant
 11779 | D:9      | Reached skill level 10 in Air Magic
 11791 | D:9      | Reached skill level 5 in Invocations
 11792 | D:9      | Reached skill level 5 in Evocations
 12160 | D:10     | Entered Level 10 of the Dungeon
 12221 | D:10     | Found a flagged portal.
 12285 | Bailey   | Entered a bailey
 12309 | Bailey   | Reached XP level 11. HP: 55/55 MP: 1/29
 12473 | Bailey   | Noticed an orc knight
 12919 | Bailey   | Killed an orc knight
 12920 | Bailey   | Reached skill level 13 in Spellcasting
 13631 | D:10     | Found a staircase to the Orcish Mines.
 13858 | D:10     | Reached *** piety under Sif Muna
 14359 | Lair:1   | Entered Level 1 of the Lair of Beasts
 14536 | Lair:1   | Noticed a six-headed hydra
 14540 | Lair:1   | Killed a six-headed hydra
 15913 | Lair:2   | Noticed a four-headed hydra
 15918 | Lair:2   | Killed a four-headed hydra
 15919 | Lair:2   | Reached skill level 1 in Shields
 15919 | Lair:2   | Reached skill level 14 in Spellcasting
 16109 | Lair:1   | Reached skill level 1 in Fighting
 16351 | Lair:2   | Reached XP level 12. HP: 60/60 MP: 6/32
 16600 | Lair:2   | Found a dark tunnel.
 16837 | Lair:2   | Noticed a catoblepas
 16844 | Lair:2   | Killed a catoblepas
 16983 | Lair:2   | Noticed a seven-headed hydra
 16991 | Lair:2   | Killed a seven-headed hydra
 17488 | Lair:2   | Found a staircase to the Shoals.
 18019 | Lair:2   | Reached skill level 15 in Spellcasting
 18019 | Lair:2   | Reached **** piety under Sif Muna
 18593 | Lair:3   | Identified a scroll of acquirement
 18594 | Lair:3   | Acquired a scarf of resistance
 18901 | Lair:3   | Noticed an eight-headed hydra
 18907 | Lair:3   | Killed an eight-headed hydra
 19360 | Lair:3   | Reached XP level 13. HP: 57/64 MP: 17/34
 20072 | Lair:4   | Found a staircase to the Snake Pit.
 20346 | Lair:4   | Gained mutation: Your body sometimes deteriorates upon
                  | taking damage. [potion of mutation]
 20346 | Lair:4   | Lost mutation: Your body sometimes deteriorates upon taking
                  | damage. [potion of mutation]
 20346 | Lair:4   | Gained mutation: You are somewhat resistant to further
                  | mutation. [potion of mutation]
 20347 | Lair:4   | Lost mutation: You are somewhat resistant to further
                  | mutation. [potion of mutation]
 20347 | Lair:4   | Gained mutation: You do not regenerate when monsters are
                  | visible. [potion of mutation]
 20347 | Lair:4   | Gained mutation: You are frail. (-10% HP) [potion of
                  | mutation]
 20347 | Lair:4   | Gained mutation: You are agile. (Dex +2) [potion of
                  | mutation]
 20347 | Lair:4   | Gained mutation: Your spells are a little harder to cast,
                  | but a little more powerful. [potion of mutation]
 20348 | Lair:4   | Lost mutation: Your spells are a little harder to cast, but
                  | a little more powerful. [potion of mutation]
 20348 | Lair:4   | Lost mutation: You do not regenerate when monsters are
                  | visible. [potion of mutation]
 20348 | Lair:4   | Lost mutation: You are agile. (Dex +2) [potion of mutation]
 20348 | Lair:4   | Lost mutation: You are frail. (-10% HP) [potion of
                  | mutation]
 20348 | Lair:4   | Gained mutation: You are frail. (-10% HP) [potion of
                  | mutation]
 20348 | Lair:4   | Gained mutation: You are partially covered in large bone
                  | plates. (SH +4) [potion of mutation]
 20348 | Lair:4   | Gained mutation: You are covered in fur. (AC +1) [potion of
                  | mutation]
 21412 | Lair:5   | Reached skill level 16 in Spellcasting
 22498 | Lair:6   | Entered Level 6 of the Lair of Beasts
 22586 | Lair:6   | Found a staircase to the Slime Pits.
 22744 | Lair:6   | Reached skill level 10 in Conjurations
 23527 | Lair:6   | Reached XP level 14. HP: 57/63 MP: 17/36
 23533 | Lair:6   | Reached skill level 17 in Spellcasting
 25493 | Orc:1    | Entered Level 1 of the Orcish Mines
 25584 | Orc:1    | Reached ***** piety under Sif Muna
 26195 | Orc:1    | Found Geablyl's Gadget Boutique.
 26358 | Orc:2    | Entered Level 2 of the Orcish Mines
 26358 | Orc:2    | Found Uweotauj's Jewellery Shoppe.
 26358 | Orc:2    | Found Zus Xuun's Gadget Boutique.
 26358 | Orc:2    | Found Otag's Antique Weapon Boutique.
 26384 | Orc:2    | Identified Sif Muna's Tome of Conjuration (Sif Muna gifted
                  | it to you on level 2 of the Orcish Mines)
 26384 | Orc:2    | Received a gift from Sif Muna
 26539 | Orc:1    | Learned a level 8 spell: Chain Lightning
 26566 | Orc:2    | Reached skill level 10 in Evocations
 27346 | Orc:1    | Reached skill level 18 in Spellcasting
 27690 | Orc:2    | Found a staircase to the Elven Halls.
 27693 | Orc:2    | Found Gufusuan's Distillery.
 27785 | Orc:2    | Reached skill level 10 in Invocations
 27786 | Orc:2    | Paralysed by an ogre mage for 6 turns
 28183 | Orc:2    | Bought a potion of curing for 39 gold pieces
 28183 | Orc:2    | Bought a potion of resistance for 130 gold pieces
 28183 | Orc:2    | Bought a potion of heal wounds for 65 gold pieces
 28183 | Orc:2    | Bought a potion of curing for 39 gold pieces
 28183 | Orc:2    | Bought a potion of resistance for 130 gold pieces
 28183 | Orc:2    | Bought a potion of haste for 130 gold pieces
 28194 | Orc:2    | Bought an uncursed amulet of magic regeneration for 480
                  | gold pieces
 28194 | Orc:2    | Bought an uncursed ring of wizardry for 480 gold pieces
 29635 | D:11     | Identified Sif Muna's Guide on Shifting Confrontation (Sif
                  | Muna gifted it to you on level 11 of the Dungeon)
 29635 | D:11     | Received a gift from Sif Muna
 29716 | D:11     | Reached XP level 15. HP: 66/66 MP: 22/39
 31166 | D:12     | Noticed Snorg
 31196 | D:12     | Noticed Josephine
 31493 | D:12     | Learned a level 7 spell: Orb of Destruction
 31499 | D:12     | Learned a level 5 spell: Yara's Violent Unravelling
 31512 | D:12     | Noticed Rupert
 31515 | D:12     | Killed Rupert
 31516 | D:12     | Reached skill level 1 in Hexes
 31516 | D:12     | Reached skill level 1 in Transmutations
 31668 | D:12     | Found Rocauw's Book Emporium.
 31672 | D:12     | Bought a Young Poisoner's Handbook for 600 gold pieces
 31672 | D:12     | Bought a book of Misfortune for 300 gold pieces
 31676 | D:12     | Learned a level 3 spell: Mephitic Cloud
 31680 | D:12     | Learned a level 3 spell: Ignite Poison
 31686 | D:12     | Learned a level 4 spell: Cause Fear
 31691 | D:12     | Learned a level 4 spell: Petrify
 31710 | D:12     | Killed Josephine
 31790 | D:12     | Found a runed translucent door.
 31790 | D:12     | Noticed Jeigh's ghost (journeyman DrTm)
 31825 | D:12     | Reached skill level 1 in Fire Magic
 31825 | D:12     | Reached skill level 1 in Poison Magic
 31998 | D:12     | Killed Jeigh's ghost
 32094 | D:12     | Noticed Urug
 32098 | D:12     | Killed Urug
 32938 | D:13     | Noticed Azrael
 32947 | D:13     | HP: 3/66 [Azrael/damnation (33)]
 32950 | D:13     | Killed from afar by a hell hound

Illustrated notes

Levels and vault maps discovered:
D:1:      minmay_arrival_semitransparent, layout_basic, dk_noncrumbling_3,
          grunt_decor_one_mirror
D:2:      layout_basic, serial_bayou, serial_bayou_crossing,
          serial_bayou_lagoon_b, serial_bayou_pond_b, serial_bayou_shore_a
D:3:      layout_loops_ring, tgw_sif, serial_park_tiny_2
D:4:      layout_loops_ring, eat_drink_and_be_merry_uskayaw,
          minmay_misc_feat_secret_circle, minmay_close_crescents, uniq_grinder
D:5:      minmay_chambers_of_fours, layout_basic, minmay_temple_entry_glass
D:6:      layout_basic, uniq_eustachio
D:7:      layout_cave_pools, kennysheep_mini_moat, serial_shops,
          nicolae_shop_statue_plus, corexii_leaking_fountain
D:8:      layout_basic, ebering_ghost_rock_garden
D:9:      layout_roguey, minitemple, erik_lair_island, zaba_antful_of_joy
D:10:     layout_loops_cross, orc_0_dummy, enter_bailey_6
D:11:     layout_basic
D:12:     layout_roguey, serial_shops, shop, hellmonk_ghost_happy_afterlife,
          grunt_ministairs_5, uniq_josephine, uniq_snorg, uniq_urug, uniq_rupert
D:13:     layout_long_grid, erik_vaults_1, minmay_fire_ice_demons, uniq_azrael,
          uniq_frances
Lair:1:   layout_cave_pods, serial_bayou_pond_c, lemuel_fruit_fields,
          grunt_megastairs_2
Lair:2:   layout_chaotic_city, minmay_shoals_entry_hut,
          nicolae_volcano_entry_vermiform, wad_woods_02
Lair:3:   layout_gridlike, minmay_lair_oklob_chamber
Lair:4:   layout_roguey, guppyfry_snake_entry_garden
Lair:5:   layout_gridlike, lemuel_fruit_tree
Lair:6:   minmay_lair_end_frog_pond, layout_cave_pods,
          nicolae_slime_entry_slimehenge
Orc:1:    layout_caves, serial_shops, shop
Orc:2:    st_orc_open, layout_caves, nicolae_orc_sculptors_studio, mines2_lemuel

Skill      XL: |  1  2  3  4  5  6  7  8  9 10 11 12 13 14 15 |
---------------+----------------------------------------------+-----
Spellcasting   | 4 5 6 7 10 11 12 14 15 16 18 | 18.7
Conjurations   | 2 3 4 5 6 8 9 10 11 | 11.5
Air Magic      | 4 5 6 8 9 10 11 12 13 14 | 14.2
Stealth        | 3 |  3.0
Dodging        | 3 |  3.5
Invocations    | 3 5 6 7 9 10 | 10.3
Evocations     | 3 5 6 7 9 10 | 10.5
Shields        | 1 3 |  3.0
Fighting       | 1 |  1.1
Hexes          | 3 |  3.4
Transmutations | 2 |  2.7
Fire Magic     | 2 |  2.3
Poison Magic   | 2 |  2.4
Maces & Flails | |  0.6

Action                   |  1- 3 |  4- 6 |  7- 9 | 10-12 | 13-15 || total
-------------------------+-------+-------+-------+-------+-------++-------
Melee: Whip              |     1 |     7 |     1 |       |       ||     9
       Staff             |       |       |     3 |       |     1 ||     4
 Cast: Shock             |    66 |   103 |    35 |    41 |    67 ||   312
       Airstrike         |       |    13 |   127 |   231 |   434 ||   805
       Lightning Bolt    |       |       |     1 |    61 |   109 ||   171
       Swiftness         |       |       |     1 |     2 |     9 ||    12
       Static Discharge  |       |       |       |     1 |     6 ||     7
       Orb of Destructio |       |       |       |       |    12 ||    12
Invok: Channel Magic     |       |       |     1 |    13 |    14 ||    28
  Use: Scroll            |       |    11 |    15 |     9 |     9 ||    44
       Potion            |       |     1 |     4 |     8 |    12 ||    25
 Stab: Sleeping          |     1 |       |       |       |       ||     1
Armor: Robe              |       |     7 |     6 |    32 |    39 ||    84
Dodge: Dodged            |     4 |    20 |    13 |    70 |    97 ||   204
Block: Buckler           |       |       |       |     1 |    88 ||    89

Table legend: (Time is in decaauts)
 A = Elapsed time spent in this place.
 B = Non-inter-level travel time spent in this place.
 C = Inter-level travel time spent in this place.
 D = Time resting spent in this place.
 E = Time spent auto-exploring this place.
 F = Levels seen in this place.
 G = Mean time per level.
                   A        B        C        D        E       F      G
               +--------+--------+--------+--------+--------+-----+--------+
         Total |  32997 |  31926 |   1071 |  15675 |   9304 |  22 | 1499.9 |
       Dungeon |  17039 |  16256 |    783 |   7311 |   5552 |  13 | 1310.7 |
          Lair |  11144 |  10936 |    208 |   5652 |   3209 |   6 | 1857.3 |
  Orcish Mines |   3870 |   3790 |     80 |   2199 |    483 |   2 | 1935.0 |
        Bailey |    942 |    942 |      0 |    512 |     60 |   1 |  942.0 |
               +--------+--------+--------+--------+--------+-----+--------+

Top non-repeatable levels by time:
  Lair:6: 2744 daAuts
   Orc:1: 2568 daAuts
  Lair:2: 2208 daAuts
  Lair:1: 1986 daAuts
    D:12: 1923 daAuts
     D:9: 1878 daAuts
     D:3: 1676 daAuts
     D:4: 1657 daAuts
  Lair:4: 1557 daAuts
    D:11: 1473 daAuts
     D:8: 1410 daAuts
     D:2: 1402 daAuts
     D:6: 1374 daAuts
     D:1: 1340 daAuts
  Lair:3: 1334 daAuts
